 Dungeon Crawl Stone Soup version 0.20.1-1-g8b1a95d (webtiles) character file.

190 vineage the Skirmisher (level 5, -2/42 HPs)
             Began as a Demonspawn Berserker on Aug 13, 2017.
             Was a Believer of Trog.
             Slain by Liatris's ghost (6 damage)
             ... on level 3 of the Dungeon.
             The game lasted 00:04:38 (1916 turns).

vineage the Skirmisher (Demonspawn Berserker)       Turns: 1916, Time: 00:04:39

Health: -2/42      AC:  8    Str: 18    XL:     5   Next: 41%
Magic:  5/5        EV: 13    Int:  8    God:    Trog [**....]
Gold:   62         SH:  0    Dex: 13    Spells: 4/4 levels left

rFire    + . .     SeeInvis .   a - +0 hand axe
rCold    + . .     Gourm    .   (no shield)
rNeg     . . .     Faith    .   l - +0 robe
rPois    +         Spirit   .   (no helmet)
rElec    +         Reflect  .   (no cloak)
rCorr    +         Harm     .   (no gloves)
MR       .....                  (boots unavailable)
Stlth    +.........             (no amulet)
Regen    0.2/turn               (no ring)
MPRegen  0.1/turn               (no ring)

@: resistant, sanguine armour
A: hooves 3, sanguine armour 1
a: Berserk, Trog's Hand, Burn Spellbooks, Renounce Religion


You were on level 3 of the Dungeon.
You worshipped Trog.
Trog was pleased with you.
You were not hungry.

You visited 1 branch of the dungeon, and saw 3 of its levels.

You collected 62 gold pieces.

Inventory:

Hand Weapons
 a - a +0 hand axe (weapon)
Armour
 b - a +0 animal skin
 l - a +0 robe (worn)
 n - a +0 pair of boots
Jewellery
 s - a cursed amulet of the gourmand {unknown}
Wands
 d - a wand of flame (27/48)
Scrolls
 f - a scroll of amnesia {unknown}
 g - 2 scrolls of magic mapping {unknown}
 i - a scroll of remove curse
 k - a scroll of blinking
 o - a scroll of fog {unknown}
 p - a scroll of immolation {unknown}
 r - a scroll of identify
Comestibles
 c - 4 bread rations
 m - a fruit


   Skills:
 + Level 4.2 Fighting
 + Level 4.1 Axes
 + Level 2.0 Armour
 + Level 2.9 Dodging
 + Level 0.4 Stealth


You had 4 spell levels left.
You didn't know any spells.

Dungeon Overview and Level Annotations

Branches:
Dungeon (3/15)

Altars:

Annotations:
D:3 Liatris's ghost, amateur DsGl


Innate Abilities, Weirdness & Mutations

You have hooves in place of feet.
When seriously injured, your bleeding wounds create armour. (AC +6)


Message History

You kick Liatris's ghost, but do no damage.
Liatris's ghost is heavily damaged.
Liatris's ghost hits you!
* * * LOW HITPOINT WARNING * * *
An orc comes into view.
The orc shouts!
You hit Liatris's ghost.
You kick Liatris's ghost, but do no damage.
Liatris's ghost is severely damaged.
Liatris's ghost hits you!
* * * LOW HITPOINT WARNING * * *
You hit Liatris's ghost.
You kick Liatris's ghost, but do no damage.
Liatris's ghost is severely damaged.
Liatris's ghost barely misses you.
You completely miss Liatris's ghost.
You kick Liatris's ghost, but do no damage.
Liatris's ghost is severely damaged.
You barely miss the orc. Liatris's ghost hits you.
You die...

.......).....#.....
........)....#.#..#
......†......#...#
............†....#
.................#
...........>.#..##
............##..#
#...........#...#
.......W@........
####..o###...###
....... #...#
..#..## #.#.# #....
.#.# .... .... ....
. ...


You could see Liatris's ghost and an orc.

Vanquished Creatures
  Jessica (D:2)
  Terence (D:2)
  7 adders
  2 oozes (D:2)
  A worm (D:2)
  3 dart slugs
  2 leopard geckos (D:2)
  2 orcs (D:3)
  3 giant cockroaches
  4 goblins
  9 hobgoblins
  7 jackals (D:1)
  3 kobolds
  A quokka (D:2)
  3 bats
  4 frilled lizards
  3 rats
56 creatures vanquished.

Notes
Turn   | Place    | Note
-------+----------+-------------------------------------------
     0 | D:1      | vineage the Demonspawn Berserker began the quest for the Orb.
     0 | D:1      | Reached XP level 1. HP: 18/18 MP: 1/1
   120 | D:1      | Gained mutation: You have large cloven feet. [demonic ancestry]
   120 | D:1      | Reached XP level 2. HP: 15/24 MP: 2/2
   764 | D:1      | Gained mutation: When seriously injured, your bleeding wounds create armour. (AC +6) [demonic ancestry]
   764 | D:1      | Reached XP level 3. HP: 14/29 MP: 3/3
   881 | D:2      | Reached ** piety under Trog
  1004 | D:2      | Noticed Terence
  1028 | D:2      | Killed Terence
  1172 | D:2      | Gained mutation: You have hoof-like feet. [demonic ancestry]
  1172 | D:2      | Reached XP level 4. HP: 34/37 MP: 4/4
  1263 | D:2      | Noticed Jessica
  1294 | D:2      | Killed Jessica
  1386 | D:2      | Gained mutation: You have hooves in place of feet. [demonic ancestry]
  1386 | D:2      | Reached XP level 5. HP: 15/42 MP: 5/5
  1897 | D:3      | Noticed Liatris's ghost (amateur DsGl)
  1916 | D:3      | Slain by Liatris's ghost

Skill      XL: |  1  2  3  4 |
---------------+-------------+-----
Dodging        | 2 |  2.9
Armour         | 2 |  2.0
Axes           | 3 4 |  4.1
Fighting       | 4 |  4.2
Stealth        | |  0.4

Action                   |  1- 3 |  4- 6 || total
-------------------------+-------+-------++-------
Melee: Hand axe          |   104 |    85 ||   189
       Kick              |     4 |    15 ||    19
Invok: Trog's Hand       |       |     1 ||     1
  Use: Scroll            |     4 |       ||     4
       Potion            |       |     5 ||     5
 Stab: Sleeping          |       |     1 ||     1
  Eat: Chunk             |       |     2 ||     2
       Fruit             |       |     2 ||     2
Armor: Animal skin       |     6 |       ||     6
       Robe              |    19 |    27 ||    46
Dodge: Dodged            |    55 |    72 ||   127
